 Dungeon Crawl Stone Soup version 0.24-a0-584-g9d6b971ae4 (webtiles) character file.

Game seed: 17416724078867473108, levelgen mode: deterministic

12338 Froggeryz the Martial Artist (level 11, -1/72 HPs)
             Began as an Octopode Transmuter on Sept 5, 2019.
             Was a Priest of Dithmenos.
             Killed from afar by an oklob plant (11 damage)
             ... with a splash of acid
             ... on level 1 of the Lair of Beasts.
             The game lasted 00:27:59 (10190 turns).

Froggeryz the Martial Artist (Octopode Transmuter) Turns: 10190, Time: 00:28:00

Health: -1/72      AC: -3    Str: 10    XL:     11   Next: 91%
Magic:  15/15      EV: 21    Int: 17    God:    Dithmenos [***...]
Gold:   651        SH:  0    Dex: 14    Spells: 15/16 levels left

rFire    + . .     SeeInvis +     - Unarmed
rCold    . . .     Gourm    .   (no shield)
rNeg     . . .     Faith    .   (helmet restricted)
rPois    +         Spirit   .   f - amulet of regeneration
rElec    .         Reflect  .   v - ring of protection from fire
rCorr    .         Harm     .   t - ring of see invisible
MR       .....                  p - +2 ring of evasion (curse)
Stlth    +++++++...             F - ring of poison resistance
HPRegen  0.62/turn              h - ring of wizardry
MPRegen  0.14/turn              (no ring)
                                (no ring)
                                (no ring)

@: corroded, wreathed by umbra
A: almost no armour, stealthy swim, amphibious, 8 rings, constrict 8, camouflage
1, gelatinous body 1
a: Shadow Step, Renounce Religion


You were on level 1 of the Lair of Beasts.
You worshipped Dithmenos.
Dithmenos was most pleased with you.
You were hungry.

You visited 3 branches of the dungeon, and saw 12 of its levels.
You also visited: Sewer.

You collected 651 gold pieces.

Inventory:

Missiles
 b - a throwing net (quivered)
Jewellery
 e - an uncursed amulet of the gourmand
 f - an amulet of regeneration (around mantle)
 h - a ring of wizardry (on tentacle)
 l - an uncursed amulet of faith
 n - an uncursed ring of fire
 p - a cursed +2 ring of evasion (on tentacle)
 t - a ring of see invisible (right tentacle)
 v - a ring of protection from fire (left tentacle)
 F - a ring of poison resistance (on tentacle)
Wands
 o - a wand of paralysis (5)
 C - a wand of polymorph (7)
 H - a wand of digging (6)
 I - a wand of disintegration (16)
Scrolls
 d - 3 scrolls of blinking
 g - 2 scrolls of identify
 w - 4 scrolls of magic mapping {unknown}
 x - a scroll of remove curse {unknown}
 y - 3 scrolls of fog {unknown}
 A - 7 scrolls of teleportation
 B - 3 scrolls of fear {unknown}
 J - a scroll of summoning {unknown}
Potions
 i - 2 potions of agility
 k - 3 potions of curing
 m - 3 potions of mutation
 q - a potion of flight
 r - a potion of lignification {unknown}
 s - a potion of ambrosia {unknown}
 u - 3 potions of brilliance
 z - a potion of might
Comestibles
 c - 23 rations


   Skills:
 + Level 5.4 Fighting
 * Level 9.2 Dodging
 - Level 10.0 Stealth
 - Level 12.0 Unarmed Combat
 - Level 3.0 Spellcasting
 - Level 7.0 Transmutations


You had 15 spell levels left.
You knew the following spells:

 Your Spells              Type           Power        Failure   Level  Hunger
a - Beastly Appendage     Tmut           ####..       1%          1    None

Your spell library contained the following spells:

 Spells                   Type           Power        Failure   Level  Hunger
 Sticks to Snakes         Tmut           ####....     1%          2    ##.....
 Spider Form              Tmut/Pois      ##........   4%          3    ###....
 Flame Tongue             Conj/Fire      #....        7%          1    None
 Throw Flame              Conj/Fire      #.....       11%         2    ##.....
 Blade Hands              Tmut           ####......   11%         5    ######.
 Ice Form                 Ice/Tmut       ##......     16%         4    ####...
 Conjure Flame            Conj/Fire      #.......     21%         3    ###....
 Inner Flame              Hex/Fire       #.......     21%         3    ###....
 Sticky Flame             Conj/Fire      #.......     52%         4    ####...
 Fireball                 Conj/Fire      #.........   86%         5    ######.


Dungeon Overview and Level Annotations

Branches:
Dungeon (10/15)            Temple (1/1) D:5            Lair (1/6) D:10
  Sewer (visited)
    Orc: D:9-12

Altars:
Ashenzari
Cheibriados
Dithmenos
Elyvilon
Fedhas
Gozag
Hepliaklqana
Kikubaaqudgha
Makhleb
Nemelex Xobeh
Okawaru
Qazlal
Ru
Sif Muna
Trog
Uskayaw
Vehumet
Wu Jian
Xom
Yredelemnul
Zin
The Shining One

Shops:
D:9 %   D:10 [

Annotations:
D:8 1 runed translucent door, hudiniq's ghost, novice MiBe
D:9 exclusion: cyclops
Lair:1 exclusion: oklob plant


Innate Abilities, Weirdness & Mutations

You cannot wear most types of armour.
You are very stealthy in the water. (Stealth+)
You are amphibious.
You can wear up to eight rings at the same time.
You can use your tentacles to constrict eight enemies at once.
Your skin changes colour to match your surroundings (Stealth+).
Your rubbery body absorbs attacks. (AC +1, EV +1)


Message History

* * * LOW HITPOINT WARNING * * *
You bludgeon the oklob plant!
You squeeze the oklob plant, but do no damage.
The oklob plant is moderately damaged.
You constrict the oklob plant, but do no damage.
You tentacle-slap the oklob plant but do no damage.
The oklob plant is moderately damaged.
You constrict the oklob plant. You tentacle-slap the oklob plant.
The oklob plant is heavily damaged.
You constrict the oklob plant. You tentacle-slap the oklob plant.
The oklob plant is severely damaged.
You constrict the oklob plant. You tentacle-slap the oklob plant.
You squeeze the oklob plant.
The oklob plant is almost destroyed.
You constrict the oklob plant, but do no damage.
The oklob plant spits acid at you. The splash of acid hits you!
You die...

##.##
#..#
#..##
##..#
###.#
#...##
#....#
##P.##
#@!#
#P/#
####


You could see an oklob plant.

Vanquished Creatures
  Snorg (D:10)
  A two-headed ogre (D:9)
  A death yak (D:10)
  Joseph (D:7)
  An elephant (D:10)
  A black mamba (Lair:1)
  A spiny frog (Lair:1)
  A kobold demonologist (D:9)
  2 komodo dragons (Lair:1)
  A hippogriff (D:8)
  A wyvern (D:10)
  20 yaks
  Sigmund (D:6)
  2 basilisks
  A hungry ghost (D:7)
  Menkaure (D:6)
  2 water moccasins
  2 eyes of draining
  2 sky beasts
  4 orc warriors
  A black bear (Lair:1)
  A phantom (D:9)
  2 ice beasts (D:9)
  2 ogres
  A necrophage (D:7)
  2 centaurs
  2 crocodiles
  2 big kobolds (D:9)
  4 bullfrogs
  Blork the orc (D:5)
  3 scorpions
  A howler monkey (D:5)
  9 wights
  4 crimson imps
  A centaur zombie (D:9)
  5 hounds
  3 orc priests
  5 jellies
  5 orc wizards
  A centaur skeleton (D:7)
  4 iguanas
  Jessica (D:3)
  2 bullfrog skeletons
  Terence (D:2)
  11 worker ants
  A killer bee zombie (D:9)
  4 hound skeletons
  Robin (D:2)
  11 adders
  3 howler monkey skeletons
  A shadow imp (D:6)
  An ooze (D:2)
  3 adder skeletons
  4 worms
  3 dart slugs (D:1)
  7 leopard geckos
  24 orcs
  5 bats
  7 giant cockroaches
  5 hobgoblins
  10 jackals
  2 quokkas
  7 ball pythons
  8 frilled lizards
  13 goblins
  A jackal skeleton (D:9)
  20 kobolds
  A leopard gecko skeleton (D:3)
  A quokka skeleton (D:8)
  7 rats
  A plant (Lair:1)
272 creatures vanquished.

Vanquished Creatures (others)
  An orc wizard (D:4)
  An orc (D:4)
  A giant cockroach (D:4)
  A frilled lizard (D:4)
4 creatures vanquished.

Grand Total: 276 creatures vanquished

Notes
Turn   | Place    | Note
-------+----------+-------------------------------------------
     0 | D:1      | Froggeryz the Octopode Transmuter began the quest for the
                  | Orb.
     0 | D:1      | Reached XP level 1. HP: 13/13 MP: 3/3
    62 | D:1      | Reached XP level 2. HP: 14/18 MP: 5/5
   842 | D:1      | Reached skill level 4 in Unarmed Combat
   947 | D:1      | Reached XP level 3. HP: 22/23 MP: 6/6
  1230 | D:2      | Noticed Robin
  1303 | D:2      | Noticed Terence
  1312 | D:2      | Killed Terence
  1312 | D:2      | Reached skill level 5 in Unarmed Combat
  1312 | D:2      | Reached XP level 4. HP: 27/28 MP: 7/7
  1466 | D:2      | Killed Robin
  1850 | D:2      | Reached XP level 5. HP: 29/33 MP: 8/8
  2260 | D:3      | Noticed Jessica
  2263 | D:3      | Reached skill level 6 in Unarmed Combat
  2281 | D:3      | Killed Jessica
  2802 | D:4      | Reached XP level 6. HP: 33/38 MP: 9/9
  2841 | D:4      | Noticed a phantom
  2842 | D:4      | Found a shimmering altar of Xom.
  3123 | D:4      | Learned a level 2 spell: Sticks to Snakes
  3273 | D:4      | Reached skill level 7 in Unarmed Combat
  3391 | D:5      | Entered Level 5 of the Dungeon
  3533 | D:5      | Found a glowing drain.
  3545 | Sewer    | Entered a sewer
  3571 | Sewer    | Reached XP level 7. HP: 43/43 MP: 10/10
  3851 | D:5      | Found a staircase to the Ecumenical Temple.
  4039 | D:5      | Reached skill level 8 in Unarmed Combat
  4044 | D:5      | Noticed Blork the orc
  4055 | D:5      | Killed Blork the orc
  4196 | D:5      | Found an ancient bone altar of Kikubaaqudgha.
  4241 | D:5      | Noticed a yak
  4241 | D:5      | Noticed a yak
  4365 | D:6      | Noticed Sigmund
  4397 | D:6      | Killed Sigmund
  4397 | D:6      | Reached skill level 9 in Unarmed Combat
  4397 | D:6      | Reached XP level 8. HP: 48/48 MP: 11/11
  4414 | D:6      | Noticed Menkaure
  4418 | D:6      | Killed Menkaure
  4504 | D:6      | Reached skill level 10 in Unarmed Combat
  4892 | D:6      | Reached XP level 9. HP: 44/57 MP: 12/12
  4961 | D:6      | Reached skill level 11 in Unarmed Combat
  5548 | Temple   | Entered the Ecumenical Temple
  5747 | Temple   | Became a worshipper of Dithmenos the Shadowed
  6065 | D:5      | Reached skill level 5 in Fighting
  6073 | D:5      | Reached skill level 12 in Unarmed Combat
  6300 | D:7      | Noticed Joseph
  6308 | D:7      | Killed Joseph
  6415 | D:7      | Reached XP level 10. HP: 46/66 MP: 13/13
  7402 | D:8      | Reached skill level 5 in Stealth
  7470 | D:8      | Found a runed translucent door.
  7474 | D:8      | Noticed hudiniq's ghost (novice MiBe)
  7783 | D:8      | Reached * piety under Dithmenos
  8258 | D:9      | Noticed a cyclops
  8350 | D:9      | Noticed a kobold demonologist
  8360 | D:9      | Killed a kobold demonologist
  8489 | D:9      | Reached skill level 5 in Transmutations
  8514 | D:9      | Reached skill level 5 in Dodging
  8769 | D:9      | Reached ** piety under Dithmenos
  8876 | D:9      | Found Cyigg's Food Shop.
  8986 | D:9      | Noticed a two-headed ogre
  8987 | D:9      | Found a sacrificial altar of Ru.
  8988 | D:9      | Found an ancient bone altar of Kikubaaqudgha.
  8995 | D:9      | Killed a two-headed ogre
  8995 | D:9      | Reached XP level 11. HP: 53/72 MP: 15/15
  8999 | D:9      | Found an ornate altar of the Wu Jian Council.
  9000 | D:9      | Found a radiant altar of Vehumet.
  9000 | D:9      | Found a blossoming altar of Fedhas.
  9000 | D:9      | Found a glowing golden altar of the Shining One.
  9003 | D:9      | Found a white marble altar of Elyvilon.
  9004 | D:9      | Found a snail-covered altar of Cheibriados.
  9005 | D:9      | Found an opulent altar of Gozag.
  9135 | D:10     | Entered Level 10 of the Dungeon
  9175 | D:10     | Noticed a death yak
  9176 | D:10     | Found a staircase to the Lair.
  9176 | D:10     | Noticed Snorg
  9632 | D:10     | Found Plog's Antique Armour Shop.
  9813 | D:10     | Killed a death yak
  9813 | D:10     | Reached *** piety under Dithmenos
  9879 | D:10     | Killed Snorg
  9912 | Lair:1   | Entered Level 1 of the Lair of Beasts
 10033 | Lair:1   | Reached skill level 10 in Stealth
 10165 | Lair:1   | Noticed an oklob plant
 10190 | Lair:1   | Killed from afar by an oklob plant

Levels and vault maps discovered:
D:1:      onia_arrival_pyramid, layout_basic, minmay_cupped
D:2:      layout_loops_ring, uniq_terence, uniq_robin
D:3:      layout_loops_corners, fountainhead, hangedman_decor_lopped,
          uniq_jessica
D:4:      layout_loops_corners, first_ration, xom_confusion_cloud
D:5:      layout_gridville, temple_statues, gup_sewer_entry_pipe, basic_altar,
          uniq_blork_the_orc
D:6:      minmay_diamond_boxcup, layout_loops_ring,
          hangedman_abyss_or_decor_stagger, nrook_mini_vaults,
          small_statue_alley_b, uniq_sigmund, uniq_menkaure
D:7:      layout_layer_cave, uniq_joseph
D:8:      layout_gridville, ebering_ghost_inner_flame
D:9:      minmay_bloctagon_deflated, layout_loops_ring, minitemple,
          serial_shops, nicolae_shop_stone
D:10:     layout_basic, david_lair_generic, serial_shops,
          nicolae_shop_waterfront, uniq_snorg
Temple:   nicolae_temple_figure_eight
Lair:1:   layout_long_grid, nicolae_volcano_entry_two_sided,
          infiniplex_staircase_pool_2, minmay_lair_oklob_chamber

Skill      XL: |  1  2  3  4  5  6  7  8  9 10 11 |
---------------+----------------------------------+-----
Unarmed Combat | 4 5 6 7 9 10 12 | 12.0
Fighting       | 3 5 |  5.4
Stealth        | 3 7 10 | 10.0
Dodging        | 3 6 9 |  9.2
Transmutations | 3 5 7 |  7.0
Spellcasting   | 3 |  3.0

Action                   |  1- 3 |  4- 6 |  7- 9 | 10-12 || total
-------------------------+-------+-------+-------+-------++-------
Melee: Unarmed           |    77 |   146 |   227 |   434 ||   884
       Constrict         |    26 |    38 |    40 |    50 ||   154
       Tentacles         |    13 |    21 |    49 |    80 ||   163
       Punch             |     2 |     5 |     8 |    37 ||    52
       Kick              |       |     3 |    17 |     8 ||    28
 Cast: Beastly Appendage |       |     3 |     9 |     2 ||    14
       Sticks to Snakes  |       |       |     6 |     2 ||     8
Evoke: Wand              |       |     1 |     7 |     2 ||    10
  Use: Potion            |     2 |       |     2 |     5 ||     9
       Scroll            |     1 |     5 |     1 |     6 ||    13
 Stab: Sleeping          |     2 |     7 |     7 |    21 ||    37
       Paralysed         |       |       |     5 |       ||     5
       Distracted        |       |       |       |     4 ||     4
  Eat: Chunk             |     1 |     7 |     9 |    13 ||    30
Armor: Skin              |     8 |     9 |     5 |     6 ||    28
Dodge: Dodged            |    65 |    74 |   107 |   283 ||   529

Table legend:
 A = Non-vault XP
 B = Vault XP
 C = Vault XP percentage of total XP
 D = Non-vault monster count
 E = Vault monster count
 F = Vault count percentage of total count
                 A         B        C        D         E       F
            +---------+---------+-------+---------+---------+-------
      Total |   12822 |    4804 |  27.3 |     225 |      46 |  17.0
            +---------+---------+-------+---------+---------+-------
        D:1 |      36 |       5 |  12.2 |      18 |       4 |  18.2
        D:2 |      76 |      61 |  44.5 |      20 |       7 |  25.9
        D:3 |      87 |      37 |  29.8 |      24 |       1 |   4.0
        D:4 |     106 |     142 |  57.3 |       8 |       2 |  20.0
        D:5 |    1608 |     101 |   5.9 |      23 |       6 |  20.7
        D:6 |    1016 |     660 |  39.4 |      27 |       5 |  15.6
        D:7 |     901 |     493 |  35.4 |      14 |       1 |   6.7
        D:8 |     902 |       0 |   0.0 |      15 |       0 |   0.0
        D:9 |    2766 |     503 |  15.4 |      34 |       3 |   8.1
       D:10 |    3062 |    2763 |  47.4 |      33 |       5 |  13.2
     Lair:1 |    2262 |       0 |   0.0 |       9 |       0 |   0.0
      Sewer |       0 |      39 | 100.0 |       0 |      12 | 100.0
            +---------+---------+-------+---------+---------+-------
